 Dungeon Crawl Stone Soup version 0.31.0-11-ge490571c62 (console) character file.

Game seed: 5699473022851048795

87 zenocrate the Sneak (level 4, -7/28 HPs)
             Began as a Kobold Delver on Feb 6, 2024.
             Splashed by a jelly's acid (9 damage)
             ... on level 5 of the Dungeon.
             The game lasted 00:00:23 (45 turns).

zenocrate the Sneak (Kobold Delver)                   Turns: 45, Time: 00:00:24

Health: -7/28      AC: -1    Str:  9    XL:     4   Next: 80%
Magic:  4/4        EV: 15    Int: 11    God:
Gold:   43         SH:  0    Dex: 18    Spells: 3/3 levels left

rFire   . . .        a - +0 short sword
rCold   . . .        (no shield)
rNeg    . . .        b - +0 leather armour
rPois   .            (no helmet)
rElec   .            (no cloak)
rCorr   .            (no gloves)
SInv    .            (no boots)
Will    .....        (no amulet)
Stlth   +++++        (no ring)
HPRegen 0.24/turn    (no ring)
MPRegen 0.09/turn

%: no passive effects
@: corroded
A: small, no large weapons, nightstalker 3
a: no special abilities


You were on level 5 of the Dungeon.
You visited 1 branch of the dungeon, and saw 1 of its levels.

You collected 43 gold pieces.

Inventory:

Hand Weapons
 a - a +0 short sword (weapon)
Armour
 b - a +0 leather armour (worn)
Wands
 g - a wand of digging (3)
Scrolls
 c - a scroll of fog
 d - a scroll of revelation
 e - a scroll of fear
Potions
 f - a potion of haste


   Skills:
 - Level 3.2 Fighting
 + Level 4.1 Short Blades
 + Level 3.7 Dodging
 + Level 7.4 Stealth


You had 3 spell levels left.
You didn't know any spells.
Your spell library was empty.

Dungeon Overview and Level Annotations

Branches:
Dungeon (5/15)
 Temple: D:4-7

Altars:


Innate Abilities, Weirdness & Mutations

You are small and have problems with some larger weapons.
You are completely attuned to the shadows.


Message History

The hound is almost dead.
The hound closely misses you.
You barely miss the hound.
The hound is almost dead.
The hound stops to sniff the ground.
The hound barely misses you.
You hit the hound but do no damage.
The hound is almost dead.
The hound barely misses you.
You hit the hound but do no damage.
The hound is almost dead.
The hound bites you but does no damage.
Unknown command.
You hit the hound.
The hound is almost dead.
The hound completely misses you. The hound barely misses you.
Unknown command.
You hit the hound.
You kill the hound!
Your Short Blades skill increases to level 4!
Unknown command.
You hit the jelly.
Your hands burn!
The jelly is heavily wounded.
Unknown command.
You hit the jelly.
Your hands burn!
The jelly is heavily wounded.
The jelly closely misses you.
Unknown command.
You hit the jelly.
Your hands burn!
* * * LOW HITPOINT WARNING * * *
The jelly is severely wounded.
The jelly misses you.
Unknown command.
You hit the jelly but do no damage.
Your hands burn!
* * * LOW HITPOINT WARNING * * *
The jelly is severely wounded.
The jelly hits you.
* * * LOW HITPOINT WARNING * * *
The acid corrodes you!
You are splashed with acid!
You die...

#### ##..##
##≈..≈##
#..##..#.8#
#≈.>(.§#..#
#≈..⌠.§#..#
#..##.@#.8#
##≈..≈#J..#
##†.##..##
.####$.##
.^...$#...
##$.###~..
### .##


You could see a jelly.

Vanquished Creatures
  A jelly (D:5)
  2 hounds (D:5)
3 creatures vanquished.

Notes
Turn   | Place    | Note
-------+----------+-------------------------------------------
     0 | D:5      | zenocrate the Kobold Delver began the quest for the Orb.
     0 | D:5      | Reached XP level 1. HP: 14/14 MP: 1/1
     0 | D:5      | Noticed a jelly
     0 | D:5      | Noticed a hound
     2 | D:5      | Killed a jelly
     3 | D:5      | Reached skill level 7 in Stealth
     3 | D:5      | Reached XP level 2. HP: 19/19 MP: 2/2
     3 | D:5      | Reached XP level 3. HP: 23/23 MP: 3/3
    10 | D:5      | Reached XP level 4. HP: 28/28 MP: 4/4
    25 | D:5      | Noticed a scorpion
    45 | D:5      | Splashed by a jelly's acid

Illustrated notes

Levels and vault maps discovered:
D:5:      layout_rooms, fedhas_altar_decomposition, ebering_ghost_sewer_f,
          nzn_random_ring, uniq_menkaure

Skill      XL: |  1  2  3  4 |
---------------+-------------+-----
Short Blades   | 3 4 |  4.1
Dodging        | 3 |  3.7
Stealth        | 7 |  7.4
Fighting       | |  3.2

Action                     |  1- 3 |  4- 6 || total
---------------------------+-------+-------++-------
  Melee: Short sword       |     2 |    17 ||    19
         Punch             |       |     1 ||     1
   Stab: Sleeping          |     2 |       ||     2
 Armour: Leather armour    |       |     8 ||     8
  Dodge: Dodged            |       |    15 ||    15
